 Dungeon Crawl Stone Soup version 0.29-a0-1014-ga8c0faee3b (webtiles) character file.

Game seed: 3023627080817388687

116 BritishOli the Slasher (level 4, 0/34 HPs)
             Began as a Demonspawn Gladiator on Aug 9, 2022.
             Slain by a goblin
             ... wielding a +0 dagger
             ... led by Robin
              (3 damage)
             ... on level 3 of the Dungeon.
             The game lasted 00:04:01 (2863 turns).

BritishOli the Slasher (Demonspawn Gladiator)       Turns: 2863, Time: 00:04:02

Health: 0/34       AC:  4    Str: 16    XL:     4   Next: 69%
Magic:  4/4        EV: 12    Int:  9    God:
Gold:   115        SH:  0    Dex: 15    Spells: 3/3 levels left

rFire   . . .      SeeInvis .     - Unarmed
rCold   . . .      Faith    .   (no shield)
rNeg    . . .      Spirit   .   b - +0 leather armour
rPois   .          Reflect  .   c - +0 helmet
rElec   .          Harm     .   (no cloak)
rCorr   .          Rampage  .   (no gloves)
Will    .....                   (no boots)
Stlth   +.........              (no amulet)
HPRegen 0.11/turn               (no ring)
MPRegen 0.09/turn               (no ring)

@: no status effects
A: demonic touch 2
a: no special abilities


You were on level 3 of the Dungeon.
You visited 1 branch of the dungeon, and saw 3 of its levels.

You collected 115 gold pieces.

Inventory:

Hand Weapons
 a - a +0 long sword
Missiles
 d - 3 throwing nets (quivered)
 e - 6 javelins
Armour
 b - a +0 leather armour (worn)
 c - a +0 helmet (worn)
Scrolls
 f - a scroll of immolation {unknown}
 g - a scroll of silence {unknown}
 h - 4 scrolls of identify {unknown}
 i - 2 scrolls of vulnerability {unknown}
 k - a scroll of poison {unknown}
 l - a scroll of magic mapping {unknown}
 m - a scroll of teleportation {unknown}
 n - a scroll of butterflies {unknown}
 o - 3 scrolls of enchant armour {unknown}
Potions
 j - a potion of magic {unknown}
 p - 2 potions of flight {unknown}
 q - a potion of mutation {unknown}


   Skills:
 + Level 2.8 Fighting
 + Level 3.2 Long Blades
 + Level 2.5 Throwing
 + Level 3.2 Dodging
 * Level 1.5 Unarmed Combat


You had 3 spell levels left.
You didn't know any spells.
Your spell library was empty.

Dungeon Overview and Level Annotations

Branches:
Dungeon (3/15)

Altars:

Shops:
D:3 :

Annotations:
D:2 Sigmund


Innate Abilities, Weirdness & Mutations

Your touch may inflict irresistible damage on your foes.


Message History

You kill the goblin!
Robin hits you from afar with a +0 spear.
* * * LOW HITPOINT WARNING * * *
The goblin no longer looks unusually strong. x2
Things that are here:
a +0 club; a goblin corpse Robin hits you with a +0 spear.
* * * LOW HITPOINT WARNING * * *
Things that are here:
a +0 dagger; a goblin corpse You barely miss Robin.
You touch Robin!
Robin is severely wounded.
Robin throws the goblin at you!
You hit Robin.
Robin is severely wounded.
The goblin barely misses you. Robin hits you but does no damage.
You hit Robin.
You kill Robin!
The goblin barely misses you.
You hit the goblin.
You kill the goblin!
The goblin hits you but does no damage. The goblin hits you but does no damage.
Items here: ))) [[ †††.
You hit the goblin.
The goblin is severely wounded.
The goblin hits you with a +0 dagger.
* * * LOW HITPOINT WARNING * * *
The goblin closely misses you.
You completely miss the goblin.
The goblin is severely wounded.
The goblin misses you. The goblin hits you but does no damage.
You hit the goblin. Your touch misses the goblin.
The goblin is almost dead.
The goblin closely misses you. The goblin hits you with a +0 dagger.
* * * LOW HITPOINT WARNING * * *
You hit the goblin.
You kill the goblin!
The goblin hits you with a +0 dagger.
You die...

###...##.##.......##
###......##.....##
..#####....†##.###
#.# ###......# # #.#
###...## #.# ###.#
#.# #.## #)# #(.#
#@# ##.### #g# #....
#)######### #####
#.........#
#########.#
#.########
#.........
##########


You could see a goblin.

Vanquished Creatures
  Jessica (D:3)
  Robin (D:3)
  3 worms (D:2)
  An orc (D:3)
  9 ball pythons
  6 endoplasms
  3 giant cockroaches (D:1)
  11 goblins
  7 hobgoblins
  4 jackals (D:1)
  2 kobolds (D:1)
  A quokka (D:1)
  5 bats
  3 frilled lizards
  5 rats
62 creatures vanquished.

Notes
Turn   | Place    | Note
-------+----------+-------------------------------------------
     0 | D:1      | BritishOli the Demonspawn Gladiator began the quest for the
                  | Orb.
     0 | D:1      | Reached XP level 1. HP: 16/16 MP: 1/1
   304 | D:1      | Discovered your monstrous ancestry.
   304 | D:1      | Gained mutation: Your touch may inflict minor irresistible
                  | damage on your foes. [demonic ancestry]
   304 | D:1      | Reached XP level 2. HP: 22/22 MP: 2/2
   771 | D:1      | Reached XP level 3. HP: 25/28 MP: 3/3
  1339 | D:2      | Noticed Sigmund
  1689 | D:2      | Reached skill level 1 in Unarmed Combat
  2176 | D:3      | Found Unaxtyak's Book Boutique.
  2321 | D:3      | Gained mutation: Your touch may inflict irresistible damage
                  | on your foes. [demonic ancestry]
  2321 | D:3      | Reached XP level 4. HP: 11/34 MP: 4/4
  2619 | D:3      | Noticed Jessica
  2628 | D:3      | Killed Jessica
  2835 | D:3      | Noticed Robin
  2857 | D:3      | Killed Robin
  2863 | D:3      | Slain by a goblin

Illustrated notes

Levels and vault maps discovered:
D:1:      nzn_arrival_depleted_hourglass, layout_loops_corners
D:2:      layout_loops_ring, st_stairs_2, uniq_sigmund, uniq_terence
D:3:      minmay_skewed_foursquare, layout_loops_ring, serial_shops, shop,
          uniq_crazy_yiuf_cottage, uniq_jessica, uniq_robin

Skill      XL: |  1  2  3 |
---------------+----------+-----
Throwing       | 2 |  2.5
Long Blades    | 3 |  3.2
Dodging        | 3 |  3.2
Unarmed Combat | 1 |  1.5
Fighting       | |  2.8

Action                   |  1- 3 |  4- 6 || total
-------------------------+-------+-------++-------
Melee: Long sword        |    27 |       ||    27
       Unarmed           |   135 |    37 ||   172
       Touch             |    31 |     8 ||    39
       Punch             |     3 |       ||     3
 Stab: Sleeping          |     1 |       ||     1
Armor: Leather armour    |    44 |    14 ||    58
Dodge: Dodged            |   136 |    29 ||   165

Table legend: (Time is in decaauts)
 A = Elapsed time spent in this place.
 B = Non-inter-level travel time spent in this place.
 C = Inter-level travel time spent in this place.
 D = Time resting spent in this place.
 E = Time spent auto-exploring this place.
 F = Levels seen in this place.
 G = Mean time per level.
                   A        B        C        D        E       F      G
               +--------+--------+--------+--------+--------+-----+--------+
         Total |   2867 |   2754 |    113 |    567 |   1758 |   3 |  955.7 |
       Dungeon |   2867 |   2754 |    113 |    567 |   1758 |   3 |  955.7 |
               +--------+--------+--------+--------+--------+-----+--------+

Top non-repeatable levels by time:
     D:1: 1411 daAuts
     D:2: 770 daAuts
     D:3: 685 daAuts
